 Dungeon Crawl Stone Soup version 0.23.2-1-ga50397a6bc (webtiles) character file.

Game seed: 7826772455198555040

1701579 EvilAshe the Wrestler (level 27, 258/291 HPs)
             Began as a Troll Fighter on May 6, 2019.
             Was the Champion of Okawaru.
             Escaped with the Orb
             ... and 3 runes!
             The game lasted 04:12:50 (68881 turns).

EvilAshe the Wrestler (Troll Fighter)              Turns: 68881, Time: 04:12:51

Health: 258/291    AC: 35    Str: 38 (39) XL:     27
Magic:  31/31      EV: 16    Int:  4      God:    Okawaru [******]
Gold:   4897       SH: 27    Dex:  9      Spells: 26/26 levels left

rFire    + + +     SeeInvis .     - Unarmed
rCold    + . .     Gourm    +   b - +2 large shield {rPois}
rNeg     . . .     Faith    .   D - +7 gold dragon scales
rPois    +         Spirit   .   F - +2 hat {MR+}
rElec    .         Reflect  +   a - +2 cloak {+Inv}
rCorr    .         Harm     .   (gloves unavailable)
MR       +++++                  (boots unavailable)
Stlth    ..........             r - +2 amulet of reflection
HPRegen  0.98/turn              G - ring "Neobanag" {rF++ MR++ Str-2 Stlth+}
MPRegen  0.22/turn              N - +5 ring of evasion

@: lightly drained
A: large, unfitting armour, claws 3, talons 1, fast metabolism 3, gourmand,
mutation resistance 1, regeneration 1, shaggy fur 1, tough skin 3
0: Orb of Zot
}: 3/15 runes: barnacled, silver, gossamer
a: Heroism, Finesse, Renounce Religion, Evoke Invisibility


You escaped.
You worshipped Okawaru.
Okawaru was exalted by your worship.
You were hungry.

You visited 8 branches of the dungeon, and saw 46 of its levels.

You collected 5649 gold pieces.
You spent 752 gold pieces at shops.

Inventory:

Missiles
 l - 34 javelins
 E - 6 throwing nets {!f}
 I - 17 javelins of returning
 O - 6 javelins of penetration {!d}
 W - 99 large rocks (quivered)
Armour
 a - a +2 cloak of invisibility (worn)
   (You took it off Crazy Yiuf on level 4 of the Dungeon)
 b - a +2 large shield of poison resistance (worn)
   (Okawaru gifted it to you on level 3 of the Vaults)
 t - the +3 hat of the Vaults {rElec rPois Slay-6}
   (Okawaru gifted it to you on level 5 of the Realm of Zot)

   It affects your accuracy and damage with ranged weapons and melee attacks
   (-6).
   It insulates you from electricity.
   It protects you from poison.
 D - +7 gold dragon scales (worn)
   (You found it on level 5 of the Vaults)
 F - a +2 hat of magic resistance (worn)
   (Okawaru gifted it to you on level 9 of the Dungeon)
 T - a +1 hat of intelligence
   (Okawaru gifted it to you on level 1 of the Dungeon)
Jewellery
 m - an uncursed ring of protection from fire
   (You found it on level 2 of the Dungeon)
 r - a +2 amulet of reflection (around neck)
   (You found it on level 1 of the Spider Nest)
 z - an uncursed ring of see invisible
   (You bought it in a shop on level 2 of the Orcish Mines)
 G - the ring "Neobanag" (left claw) {rF++ MR++ Str-2 Stlth+}
   (You took it off a merfolk javelineer on level 3 of the Shoals)

   [ring of stealth]

   It affects your strength (-2).
   It greatly protects you from fire.
   It affects your resistance to hostile enchantments.
   It makes you more stealthy.
 N - a +5 ring of evasion (right claw)
   (You took it off a centaur on level 15 of the Dungeon)
 R - an uncursed ring of resist corrosion
   (You found it on level 5 of the Dungeon)
 S - the ring "Dinapt Bicopp" {rC+ AC+2}
   (You took it off a deep elf mage on level 5 of the Vaults)

   [ring of protection]

   It affects your AC (+2).
   It protects you from cold.
Wands
 c - a wand of disintegration (21) {!d}
   (You found it on level 4 of the Spider Nest)
 d - a wand of iceblast (58)
   (You found it on level 2 of the Dungeon)
 u - a wand of paralysis (14)
   (You found it on level 10 of the Dungeon)
 x - a wand of acid (8)
   (You found it on level 3 of the Realm of Zot)
 P - a wand of polymorph (22)
   (You took it off Psyche on level 10 of the Dungeon)
Scrolls
 g - 7 scrolls of immolation {!r}
 o - 19 scrolls of remove curse {@r2}
 q - 8 scrolls of fog
 s - 16 scrolls of teleportation {@r4}
 y - a scroll of silence
 A - 9 scrolls of vulnerability {!r}
 C - 3 scrolls of magic mapping
 M - 30 scrolls of identify {@r1}
 V - 7 scrolls of fear
 X - 7 scrolls of blinking
 Y - a scroll of enchant armour
 Z - 2 scrolls of summoning
Potions
 f - 5 potions of resistance
 h - 7 potions of heal wounds {@q2}
 i - a potion of magic
 j - 5 potions of agility
 k - 6 potions of flight
 n - 3 potions of cancellation
 p - 7 potions of haste {@q3}
 v - 10 potions of curing {@q1}
 H - 4 potions of ambrosia
 J - 2 potions of invisibility
 L - 2 potions of berserk rage
 Q - 5 potions of might
 U - a potion of brilliance
Miscellaneous
 w - a sack of spiders
 B - 2 phantom mirrors
 K - a phial of floods
   (You found it on level 6 of the Lair of Beasts)
Comestibles
 e - 66 rations {!d}


   Skills:
 + Level 20.2(20.0) Fighting
 + Level 13.0(12.8) Armour
 - Level 17.3(17.2) Dodging
 - Level 15.0(14.8) Shields
 - Level 24.0(23.7) Unarmed Combat
 - Level 7.0(6.9) Invocations
 + Level 13.2(13.0) Evocations


You had 26 spell levels left.
You didn't know any spells.
Your spell library contained the following spells:

 Spells                   Type           Power        Failure   Level  Hunger
 Animate Skeleton         Necr           N/A          100%        1    ##.....
 Confusing Touch          Hex            #.....       100%        1    ##.....
 Corona                   Hex            #......      100%        1    ##.....
 Flame Tongue             Conj/Fire      #....        100%        1    ##.....
 Infusion                 Chrm           #...         100%        1    ##.....
 Magic Dart               Conj           #...         100%        1    ##.....
 Pain                     Necr           #...         100%        1    ##.....
 Summon Butterflies       Summ           #.......     100%        1    ##.....
 Summon Small Mammal      Summ           #...         100%        1    ##.....
 Blink                    Tloc           N/A          100%        2    ###....
 Call Imp                 Summ           #.......     100%        2    ###....
 Corpse Rot               Necr           N/A          100%        2    ###....
 Ensorcelled Hibernation  Hex/Ice        #.....       100%        2    ###....
 Poisonous Vapours        Pois/Air       #.....       100%        2    ###....
 Searing Ray              Conj           #.....       100%        2    ###....
 Shroud of Golubria       Chrm/Tloc      #.........   100%        2    ###....
 Slow                     Hex            #.......     100%        2    ###....
 Song of Slaying          Chrm           #.......     100%        2    ###....
 Throw Flame              Conj/Fire      #.....       100%        2    ###....
 Call Canine Familiar     Summ           #.......     100%        3    ####...
 Confuse                  Hex            #.......     100%        3    ####...
 Conjure Flame            Conj/Fire      #.......     100%        3    ####...
 Dazzling Spray           Conj/Hex       #.....       100%        3    ####...
 Gell's Gravitas          Tloc           #.........   100%        3    ####...
 Ignite Poison            Fire/Tmut/Pois #.......     100%        3    ####...
 Inner Flame              Hex/Fire       #.......     100%        3    ####...
 Mephitic Cloud           Conj/Pois/Air  #.......     100%        3    ####...
 Portal Projectile        Hex/Tloc       #.....       100%        3    ####...
 Recall                   Summ/Tloc      N/A          100%        3    ####...
 Regeneration             Chrm/Necr      #.........   100%        3    ####...
 Spectral Weapon          Hex/Chrm       #.......     100%        3    ####...
 Static Discharge         Conj/Air       #.......     100%        3    ####...
 Stone Arrow              Conj/Erth      #.....       100%        3    ####...
 Summon Guardian Golem    Hex/Summ       #.......     100%        3    ####...
 Tukima's Dance           Hex            #.......     100%        3    ####...
 Vampiric Draining        Necr           #.........   100%        3    ####...
 Animate Dead             Necr           N/A          100%        4    #####..
 Force Lance              Conj/Tloc      #.......     100%        4    #####..
 Fulminant Prism          Conj/Hex       #.........   100%        4    #####..
 Iskenderun's Mystic Bla  Conj           #.......     100%        4    #####..
 Leda's Liquefaction      Hex/Erth       #.........   100%        4    #####..
 Olgreb's Toxic Radiance  Pois           #.......     100%        4    #####..
 Petrify                  Tmut/Erth      #.......     100%        4    #####..
 Sticky Flame             Conj/Fire      #.......     100%        4    #####..
 Summon Ice Beast         Ice/Summ       #.......     100%        4    #####..
 Summon Lightning Spire   Summ/Air       #.......     100%        4    #####..
 Alistair's Intoxication  Tmut/Pois      #.......     100%        5    ######.
 Aura of Abjuration       Summ           #.........   100%        5    ######.
 Bolt of Magma            Conj/Fire/Erth #.........   100%        5    ######.
 Excruciating Wounds      Chrm/Necr      #.........   100%        5    ######.
 Fireball                 Conj/Fire      #.........   100%        5    ######.
 Iskenderun's Battlesphe  Conj/Chrm      #.......     100%        5    ######.
 Lightning Bolt           Conj/Air       #.........   100%        5    ######.
 Metabolic Englaciation   Hex/Ice        #.........   100%        5    ######.
 Summon Demon             Summ           #.........   100%        5    ######.
 Summon Forest            Summ/Tloc      #.........   100%        5    ######.
 Summon Mana Viper        Hex/Summ       #.......     100%        5    ######.
 Venom Bolt               Conj/Pois      #.........   100%        5    ######.
 Yara's Violent Unravell  Hex/Tmut       #.........   100%        5    ######.
 Bolt of Fire             Conj/Fire      #.........   100%        6    #######
 Dispersal                Tloc           #.........   100%        6    #######
 Freezing Cloud           Conj/Ice/Air   #.........   100%        6    #######
 Hydra Form               Tmut           #.........   100%        6    #######
 Iron Shot                Conj/Erth      #.........   100%        6    #######
 Poison Arrow             Conj/Pois      #.........   100%        6    #######
 Shadow Creatures         Summ           N/A          100%        6    #######
 Orb of Destruction       Conj           #.........   100%        7    #######
 Ring of Flames           Chrm/Fire      #.........   100%        7    #######
 Spellforged Servitor     Conj/Summ      #.........   100%        7    #######
 Summon Hydra             Summ           #.........   100%        7    #######
 Chain Lightning          Conj/Air       #.........   100%        8    #######
 Controlled Blink         Tloc           N/A          100%        8    #######
 Disjunction              Tloc           #.........   100%        8    #######
 Ignition                 Fire           #.........   100%        8    #######
 Lehudib's Crystal Spear  Conj/Erth      #.........   100%        8    #######
 Fire Storm               Conj/Fire      #.........   100%        9    #######
 Glaciate                 Conj/Ice       #.........   100%        9    #######
 Shatter                  Erth           #.........   100%        9    #######
 Tornado                  Air            #.........   100%        9    #######


Dungeon Overview and Level Annotations

Branches:
Dungeon (15/15)            Temple (0/1) D:7            Lair (6/6) D:8
 Shoals (4/4) Lair:3       Spider (4/4) Lair:2        Slime (0/5) Lair:5
    Orc (2/2) D:10            Elf (0/3) Orc:2        Vaults (5/5) D:13
  Crypt (0/3) Vaults:3     Depths (5/5) D:15            Zot (5/5) Depths:5

Altars:
Cheibriados
Dithmenos
Elyvilon
Fedhas
Gozag
Kikubaaqudgha
Okawaru
Qazlal
Ru
Trog
Wu Jian
Yredelemnul
The Shining One
Jiyva

Shops:
D:4 *   D:6 !   D:14 =   Orc:2 (=[?   Shoals:3 =   Vaults:2 }   Vaults:3 ?
Vaults:4 (   Vaults:5 *

Portals:
Hell: Depths:1 Depths:2 Depths:3 Depths:4 Depths:5
Abyss: Depths:4 Depths:5
Pandemonium: Depths:3
Ziggurat: Depths:1

Annotations:
D:14 exclusion: Roxanne, Roxanne
Shoals:3 1 runed translucent door
Vaults:1 3 runed translucent doors, Zecsuugg's ghost, veteran HOFi
Depths:4 exclusion: orange crystal statue


Innate Abilities, Weirdness & Mutations

You are too large for most types of armour.
You have claws for hands.
Your metabolism is lightning-fast.
You like to eat raw meat.
Your natural rate of healing is unusually fast.
You are covered in fur. (AC +1)
You have extremely tough skin. (AC +3)
You have sharp toenails.
You are somewhat resistant to further mutation.


Message History

(V) Vaults (C) Crypt (U) Depths (H) Hell (Z) Zot
Where to? (Enter - D:1 @ (x,y), ? - help)
A soul eater and an ice devil come into view.
A Tzitzimitl comes into view.
The Tzitzimitl moves out of view.
The Tzitzimitl closely misses you. You block the Tzitzimitl's attack.
You claw the Tzitzimitl! Your kick misses the Tzitzimitl.
You closely miss the Tzitzimitl. Your kick misses the Tzitzimitl.
You block the Tzitzimitl's attack. x2
You closely miss the Tzitzimitl.
You claw the Tzitzimitl, but do no damage.
You block the Tzitzimitl's attack. x2
You are feeling hungry.
Your gold dragon scales prevents you from hitting the Tzitzimitl.
Your kick misses the Tzitzimitl.
You scratch the Tzitzimitl but do no damage.
Your kick misses the Tzitzimitl. The Tzitzimitl gestures at you.
The bolt of negative energy hits you!
You feel drained.
You completely miss the Tzitzimitl. You claw the Tzitzimitl!
You claw the Tzitzimitl! Your kick misses the Tzitzimitl.
The Tzitzimitl engulfs you. You block the Tzitzimitl's attack.
You barely miss the Tzitzimitl. Your kick misses the Tzitzimitl.
The soul eater draws from the surrounding life force!
You mangle the Tzitzimitl!! Your kick misses the Tzitzimitl.
The Tzitzimitl gestures at you. The bolt of cold hits you! You resist.
You closely miss the Tzitzimitl. Your kick misses the Tzitzimitl.
You eviscerate the Tzitzimitl!!!!
You kill the Tzitzimitl!
Okawaru accepts your kill. You block the ice devil's attack.
Unknown command.
You barely miss the ice devil.
You claw the ice devil, but do no damage.
You eviscerate the ice devil!!!
You kill the ice devil!
Okawaru accepts your kill.
You scratch the soul eater but do no damage.
Your kick misses the soul eater. You block the soul eater's attack.
You mangle the soul eater!! Your kick misses the soul eater.
You block the soul eater's attack.
You mangle the soul eater!!
You kill the soul eater!
Okawaru accepts your kill.
No target in view!
No target in view!
There is a staircase leading out of the dungeon here.
You have escaped!

...).....# ##### ##.###..
...>.....# ######## #..##..
........## ####......#### ##.##..
........# ##............## #.....
........###[...####......# #.##..
........##....#######....###.##..
#......###...##.....##....##.##..
#......###..###.##..###....#.##..
#.......##..###.@##..##....#)##..
##......###..#####...##....#)##..
#.......##...###...###....#..#..
##......###........##....##..#..
#.......####....###.....##.....
##........########.....###....#
##....3....####......## #...(#
##.......4...4.....## #...>#
###.........3...### #....#


There were no monsters in sight!

Vanquished Creatures
  3 pandemonium lords
  5 ancient liches
  A juggernaut (Depths:3)
  6 orbs of fire (Zot:5)
  Sojobo (Vaults:2)
  Frederick (Vaults:2)
  Boris (thrice) (Vaults:2 Depths:1 Vaults:5)
  6 Killer Klowns
  Bai Suzhen (Vaults:2)
  Xtahua (Vaults:3)
  Margery (Vaults:2)
  7 golden dragons
  Nikola (Vaults:1)
  Jory (Vaults:4)
  A bone dragon (Depths:5)
  4 liches
  4 Tzitzimimeh
  Arachne (Spider:2)
  3 electric golems
  Rupert (D:13)
  An Ice Fiend (Zot:1)
  Asterion (Vaults:1)
  8 tentacled monstrosities
  25 Orb Guardians (Zot:5)
  6 titans (Vaults:5)
  5 quicksilver dragons
  A kraken (Shoals:1)
  12 death cobs
  6 sphinxes
  9 tengu reavers
  19 storm dragons
  3 draconian monks
  Donald (Vaults:1)
  14 shadow dragons
  2 deep elf sorcerers
  13 fire giants
  4 draconian scorchers
  An iron dragon (Vaults:5)
  9 frost giants
  12 vault wardens
  Louise (D:15)
  3 ghost moths
  8 emperor scorpions
  Aizul (Vaults:2)
  A corrupter (Depths:2)
  2 spriggan defenders (Depths:3)
  7 draconian shifters
  7 draconian knights
  3 draconian stormcallers
  10 ironheart preservers
  A deep elf elementalist (Depths:3)
  2 ghouls (Vaults:3)
  25 very ugly things
  4 draconian annihilators
  16 stone giants
  An entropy weaver (Spider:3)
  4 war gargoyles (Vaults:5)
  17 green draconians
  A vampire knight (Vaults:3)
  11 black draconians
  2 deep elf demonologists (Vaults:5)
  A dire elephant (shapeshifter) (Depths:5)
  2 deep elf annihilators
  7 yellow draconians
  5 red draconians
  8 white draconians
  14 spark wasps
  4 purple draconians
  5 merfolk javelineers
  13 ettins
  5 merfolk impalers
  16 fire dragons
  4 deep elf death magi
  15 yaktaur captains
  3 deep elf high priests
  A hell beast (D:15)
  10 ice dragons
  6 rakshasas
  4 hydras
  6 spriggan air magi
  3 great orbs of eyes
  25 vault guards
  2 alligator snapping turtles
  4 merfolk avatars
  56 two-headed ogres
  16 ogre magi
  12 centaur warriors
  8 deep troll shamans
  A catoblepas (D:15)
  5 satyrs
  5 death knights
  3 dancing weapons (Vaults:4)
  8 death scarabs (Spider:4)
  8 deep troll earth magi
  A vampire mage (Vaults:3)
  Urug (D:13)
  5 death yaks (Lair:6)
  10 spriggan berserkers
  11 tengu warriors
  3 soul eaters
  7 deep elf knights
  11 hell knights
  2 spectral emperor scorpions (Spider:4)
  A fire crab (shapeshifter) (Vaults:5)
  6 spriggans
  The ghost of ialwaysloseit the Destroyer, a novice DECj of Vehumet (D:10)
  5 iron trolls (Depths:3)
  8 skeletal warriors
  5 sea snakes
  2 shadow wraiths
  2 flayed ghosts
  An unseen horror (D:12)
  A glowing orange brain (shapeshifter) (Vaults:5)
  5 glowing orange brains
  A shadow demon (Depths:2)
  A sea snake (shapeshifter) (Depths:5)
  An infernal demonspawn (D:5)
  20 harpies
  16 deep trolls
  The ghost of strelocc the Covered, a novice GrFi of Zin (D:7)
  21 ironbrand convokers
  7 deep elf archers
  2 cherubim
  3 wizards
  4 lindwurms (Lair:2)
  5 spectral wolf spiders (Spider:4)
  27 wolf spiders
  12 deep elf magi
  4 necromancers
  2 phantasmal warriors
  18 orc knights
  A mana viper (shapeshifter) (Depths:1)
  8 orc sorcerers
  17 orb spiders
  48 ugly things
  22 moths of wrath
  4 cyclopes
  15 manticores
  13 fauns
  10 merfolk sirens
  4 elephants (Lair:2)
  An eye of devastation (shapeshifter) (D:13)
  A guardian serpent (Lair:6)
  7 black mambas
  4 water nymphs
  An elephant (shapeshifter) (Vaults:1)
  8 vault sentinels
  7 gargoyles
  Psyche (D:10)
  2 kobold demonologists
  A torpor snail (Spider:3)
  A spriggan skeleton (Depths:4)
  12 spiny frogs
  A komodo dragon (shapeshifter) (Depths:3)
  7 demonic crawlers
  4 komodo dragons
  2 human zombies (Vaults:2)
  An efreet (D:4)
  5 freezing wraiths
  47 yaktaurs
  An ice devil (D:1)
  A red devil (D:1)
  10 trolls
  A tengu conjurer (Depths:4)
  2 redback zombies (Spider:4)
  A jumping spider (shapeshifter) (Vaults:4)
  29 merfolk
  3 meliai (Spider:2)
  A hornet (shapeshifter) (Depths:1)
  11 polar bears
  7 wind drakes
  23 hornets
  A meliai (shapeshifter) (D:13)
  32 jumping spiders
  2 spectral tarantellas (Spider:4)
  2 raiju (Lair:6)
  11 hippogriffs
  4 spectral jumping spiders (Spider:4)
  28 slime creatures
  12 snapping turtles
  A blink frog (shapeshifter) (Depths:2)
  9 blink frogs
  2 jumping spider zombies (Spider:4)
  A meliai zombie (D:13)
  3 human simulacra
  2 wraiths
  14 wyverns
  2 ettin skeletons (Vaults:2)
  2 ynoxinuls
  76 redbacks
  13 water elementals
  29 tarantellas
  15 yaks
  A vampire (D:12)
  Grum (D:9)
  A chaos spawn (Depths:1)
  16 humans
  4 basilisks
  The ghost of stonage the Shield-Bearer, an amateur FoFi (D:4)
  2 hungry ghosts
  A yaktaur simulacrum (Vaults:2)
  A human (shapeshifter) (Depths:1)
  11 vampire mosquitoes
  2 spatial vortices (D:11)
  6 soldier ants
  8 wargs
  2 acid dragons
  A floating eye (Depths:2)
  15 water moccasins
  16 hell hounds
  4 porcupines
  A spectral hornet (Spider:4)
  4 ice beasts
  13 black bears
  57 orc warriors
  4 sky beasts
  A black bear (shapeshifter) (Depths:5)
  3 necrophages
  An eye of draining (shapeshifter) (Vaults:5)
  A phantom (D:10)
  53 ogres
  6 crocodiles
  16 wolves
  7 boggarts
  32 centaurs
  3 elf skeletons
  15 big kobolds
  17 bullfrogs
  2 human skeletons (Vaults:2)
  3 wyvern zombies
  A water moccasin zombie (D:11)
  4 scorpions
  19 killer bees
  8 wights
  3 howler monkeys (D:8)
  6 crimson imps
  3 jellies
  2 bullfrog zombies
  7 hounds
  6 centaur skeletons
  2 bullfrog skeletons
  21 orc priests
  Crazy Yiuf (D:4)
  An iron imp (Depths:4)
  15 worker ants
  Ijyb (D:5)
  4 iguanas
  26 orc wizards
  2 worker ant zombies (D:6)
  4 gnolls (D:4)
  16 adders
  6 shadow imps
  An ooze (D:1)
  2 adder zombies
  4 worms
  A dart slug (D:2)
  10 leopard geckos
  106 orcs
  9 giant cockroaches
  4 goblins
  5 hobgoblins
  15 jackals
  22 kobolds
  2 quokkas
  A ball python (D:2)
  7 bats
  4 frilled lizards
  A leopard gecko skeleton (D:5)
  6 rats
  A crawling corpse (Vaults:4)
  2 plants
  4 tentacles (Shoals:1)
2152 creatures vanquished.

Vanquished Creatures (collateral kills)
  A deep elf death mage (Vaults:1)
1 creature vanquished.

Vanquished Creatures (others)
  A seraph (Zot:5)
  A titan (Vaults:5)
  A ghost moth (Spider:1)
  An ironheart preserver (Vaults:1)
  3 stone giants
  A purple draconian (Zot:5)
  A merfolk javelineer (Shoals:1)
  A yaktaur captain (Vaults:5)
  2 two-headed ogres (Depths:1)
  2 satyrs (Shoals:4)
  An unseen horror (Vaults:1)
  A manticore (shapeshifter) (Vaults:1)
  12 yaktaurs
  A red devil (D:1)
  A wind drake (Shoals:4)
  A jumping spider (Spider:1)
  2 orc warriors (Vaults:5)
  An orc wizard (D:11)
  An orc (D:4)
  A crawling corpse (Vaults:5)
  18 fungi
  58 plants
  10 tentacles (Shoals:1)
122 creatures vanquished.

Grand Total: 2275 creatures vanquished

Notes
Turn   | Place    | Note
-------+----------+-------------------------------------------
     0 | D:1      | EvilAshe the Troll Fighter began the quest for the Orb.
     0 | D:1      | Reached XP level 1. HP: 22/22 MP: 0/0
   237 | D:1      | Reached XP level 2. HP: 29/29 MP: 1/1
   651 | D:2      | Reached XP level 3. HP: 21/36 MP: 2/2
   709 | D:2      | Found a stormy altar of Qazlal.
   841 | D:2      | Found a faded altar of an unknown god.
   904 | D:2      | Reached skill level 3 in Unarmed Combat
   967 | D:2      | Reached XP level 4. HP: 42/44 MP: 3/3
  1078 | D:2      | Found a blossoming altar of Fedhas.
  1376 | D:3      | Found an iron altar of Okawaru.
  1384 | D:3      | Became a worshipper of Warmaster Okawaru
  1651 | D:3      | Reached XP level 5. HP: 50/53 MP: 4/4
  2088 | D:4      | Reached skill level 4 in Unarmed Combat
  2145 | D:4      | Found a runed translucent door.
  2145 | D:4      | Noticed stonage's ghost (amateur FoFi)
  2167 | D:4      | Noticed an ogre
  2180 | D:4      | Killed an ogre
  2180 | D:4      | Reached XP level 6. HP: 61/61 MP: 5/5
  2201 | D:4      | Reached * piety under Okawaru
  2249 | D:4      | Found a stormy altar of Qazlal.
  2386 | D:4      | Found a runed translucent door.
  2387 | D:4      | Noticed Crazy Yiuf
  2414 | D:4      | Found Tijoqaujusch's Assorted Antiques.
  2445 | D:4      | Found an ornate altar of the Wu Jian Council.
  2521 | D:4      | Found a glowing golden altar of the Shining One.
  2526 | D:4      | Found a basalt altar of Yredelemnul.
  2538 | D:4      | Reached skill level 5 in Unarmed Combat
  2538 | D:4      | Reached XP level 7. HP: 65/68 MP: 6/6
  2541 | D:4      | Noticed a profane servitor
  2939 | D:4      | Noticed an angel
  3141 | D:5      | Entered Level 5 of the Dungeon
  3249 | D:5      | Noticed Ijyb
  3273 | D:5      | Killed Ijyb
  3366 | D:5      | Reached ** piety under Okawaru
  3395 | D:5      | Reached skill level 6 in Unarmed Combat
  3423 | D:5      | Reached XP level 8. HP: 57/78 MP: 7/7
  3604 | D:5      | Found the +9 staff of Olgreb {rPois}
  3613 | D:5      | Found a runed translucent gate.
  3613 | D:5      | Found a runed translucent gate.
  3614 | D:5      | Found a runed translucent door.
  3624 | D:5      | Found a runed translucent gate.
  3633 | D:5      | Found a runed translucent door.
  4449 | D:6      | Found Xuqil's Distillery.
  4456 | D:6      | Bought a potion of haste for 110 gold pieces
  4522 | D:6      | Reached skill level 7 in Unarmed Combat
  4523 | D:6      | Noticed a two-headed ogre
  4530 | D:6      | Killed a two-headed ogre
  4530 | D:6      | Reached *** piety under Okawaru
  4530 | D:6      | Reached **** piety under Okawaru
  4530 | D:6      | Reached skill level 5 in Fighting
  4530 | D:6      | Reached skill level 5 in Dodging
  4530 | D:6      | Reached skill level 5 in Shields
  4530 | D:6      | Reached XP level 9. HP: 76/88 MP: 8/8
  4548 | D:6      | Reached skill level 8 in Unarmed Combat
  4909 | D:4      | Killed stonage's ghost
  5021 | D:7      | Found a snail-covered altar of Cheibriados.
  5107 | D:7      | Found a staircase to the Ecumenical Temple.
  5191 | D:7      | Found an ancient bone altar of Kikubaaqudgha.
  6166 | D:8      | Reached skill level 9 in Unarmed Combat
  6209 | D:8      | Noticed a troll
  6227 | D:8      | Killed a troll
  6268 | D:8      | Reached XP level 10. HP: 65/98 MP: 9/9
  6289 | D:8      | Found a staircase to the Lair.
  6382 | D:8      | Reached ***** piety under Okawaru
  6456 | D:8      | Reached skill level 10 in Unarmed Combat
  6628 | D:8      | Found a runed translucent gate.
  6629 | D:8      | Found a runed translucent gate.
  6630 | D:8      | Found a runed translucent gate.
  6631 | D:8      | Noticed a centaur warrior
  6632 | D:8      | Found an opulent altar of Gozag.
  6633 | D:8      | Noticed strelocc's ghost (novice GrFi)
  6634 | D:8      | Noticed a gargoyle
  6677 | D:8      | Found a sacrificial altar of Ru.
  6678 | D:8      | Found a bloodstained altar of Trog.
  6925 | D:9      | Received a gift from Okawaru
  6978 | D:9      | Noticed Grum
  6993 | D:9      | Killed Grum
  7152 | D:9      | Found a white marble altar of Elyvilon.
  7504 | D:10     | Entered Level 10 of the Dungeon
  7574 | D:10     | Found a staircase to the Orcish Mines.
  7778 | D:10     | Reached XP level 11. HP: 107/107 MP: 10/10
  7940 | D:9      | Reached skill level 11 in Unarmed Combat
  8144 | D:10     | Found a runed translucent door.
  8149 | D:10     | Noticed ialwaysloseit's ghost (novice DECj)
  8173 | D:10     | Noticed Psyche
  8299 | D:10     | Found the +8 glaive of the Guard {elec, +Rage AC+5 SInv}
  8472 | D:10     | Noticed a two-headed ogre
  8475 | D:10     | Killed a two-headed ogre
  8674 | D:11     | Noticed a two-headed ogre
  8849 | D:11     | You fall through a shaft!
  8860 | D:12     | Noticed a cyan ugly thing
  8872 | D:12     | Killed a cyan ugly thing
  9085 | D:12     | Found a bloodstained altar of Trog.
  9201 | D:11     | Killed a two-headed ogre
  9201 | D:11     | Reached skill level 12 in Unarmed Combat
  9245 | D:11     | Reached ****** piety under Okawaru
  9347 | D:11     | Noticed a two-headed ogre
  9351 | D:11     | Killed a two-headed ogre
  9351 | D:11     | Received a gift from Okawaru
  9630 | D:12     | Noticed a red ugly thing
  9642 | D:12     | Killed a red ugly thing
  9734 | D:12     | Reached XP level 12. HP: 107/119 MP: 11/11
  9991 | D:13     | Found a gate to the Vaults.
  9991 | D:13     | Noticed Rupert
  9991 | D:13     | Noticed a centaur warrior
  9991 | D:13     | Noticed Urug
 10035 | D:13     | Identified a scroll of acquirement
 10042 | D:13     | Noticed a tengu warrior
 10058 | D:12     | Killed a tengu warrior
 10166 | D:13     | Noticed a two-headed ogre
 10268 | D:12     | Killed a two-headed ogre
 10406 | D:13     | Reached skill level 13 in Unarmed Combat
 10445 | D:13     | Noticed a tengu warrior
 10465 | D:13     | Killed a tengu warrior
 10465 | D:13     | Reached skill level 1 in Evocations
 10605 | D:13     | Received a gift from Okawaru
 10771 | D:13     | Killed a centaur warrior
 10803 | D:13     | Killed Urug
 10981 | D:13     | Paralysed by Rupert for 7 turns
 11139 | Orc:1    | Entered Level 1 of the Orcish Mines
 11214 | Orc:1    | Noticed a two-headed ogre
 11227 | D:10     | Killed a two-headed ogre
 11278 | D:10     | Killed Psyche
 11278 | D:10     | Reached XP level 13. HP: 96/130 MP: 13/13
 11534 | Orc:2    | Entered Level 2 of the Orcish Mines
 11670 | Orc:2    | Found a staircase to the Elven Halls.
 12289 | Orc:1    | Reached skill level 14 in Unarmed Combat
 12613 | Orc:2    | Received a gift from Okawaru
 13099 | Orc:2    | Found Aquozet's Armour Shoppe.
 13099 | Orc:2    | Found Colupaw's Jewellery Shop.
 13101 | Orc:2    | Found Dosot's Weapon Boutique.
 13103 | Orc:2    | Found Egyda's Magic Scroll Emporium.
 13118 | Orc:2    | Bought an uncursed ring of see invisible for 165 gold
                  | pieces
 13508 | D:4      | Killed Crazy Yiuf
 13839 | D:7      | Killed strelocc's ghost
 13972 | D:10     | Killed ialwaysloseit's ghost
 14272 | Lair:1   | Entered Level 1 of the Lair of Beasts
 14462 | Lair:1   | Received a gift from Okawaru
 15234 | Lair:2   | Reached XP level 14. HP: 131/141 MP: 16/16
 15309 | Lair:2   | Found a hole to the Spider Nest.
 15338 | Lair:2   | Reached skill level 15 in Unarmed Combat
 15534 | Lair:2   | Got a glittering golden ring
 15535 | Lair:2   | Identified the ring of Hyicutz {rF++ MR+ Str+5} (You found
                  | it on level 2 of the Lair of Beasts)
 16031 | Lair:3   | Found a staircase to the Shoals.
 17457 | Lair:5   | Received a gift from Okawaru
 17743 | Lair:5   | Found a viscous altar of Jiyva.
 17743 | Lair:5   | Found a staircase to the Slime Pits.
 18118 | Lair:6   | Entered Level 6 of the Lair of Beasts
 18223 | Lair:6   | Reached skill level 10 in Fighting
 18306 | Lair:6   | Reached skill level 5 in Evocations
 18504 | Lair:6   | Reached skill level 10 in Dodging
 18863 | Lair:6   | Received a gift from Okawaru
 19051 | Lair:6   | Reached skill level 16 in Unarmed Combat
 19155 | Lair:6   | Received a gift from Okawaru
 19156 | Lair:6   | Found the +4 skin of Zhor {Hibernate rC+++ SInv}
 19362 | Lair:6   | Reached XP level 15. HP: 152/152 MP: 18/18
 20278 | D:13     | Killed Rupert
 20358 | D:13     | Found a gate to the Vaults.
 20933 | D:14     | Found Viucutep's Jewellery Emporium.
 21038 | D:14     | Identified Roxanne's Compendium of Shape Shifting
 21038 | D:14     | Noticed Roxanne
 21423 | D:15     | Entered Level 15 of the Dungeon
 21703 | D:15     | Noticed Louise
 21713 | D:14     | Reached skill level 1 in Invocations
 21859 | D:15     | Killed Louise
 22075 | D:15     | Received a gift from Okawaru
 22174 | D:15     | Reached skill level 17 in Unarmed Combat
 22327 | D:15     | Got a translucent cloak
 22328 | D:15     | Identified the +0 cloak "Unas" {rN++ Dex+3} (You acquired
                  | it on level 15 of the Dungeon)
 22766 | D:15     | Found a staircase to the Depths.
 23039 | Spider:1 | Entered Level 1 of the Spider Nest
 23452 | Spider:1 | Noticed a ghost moth
 23466 | Spider:1 | Received a gift from Okawaru
 23466 | Spider:1 | Reached XP level 16. HP: 162/162 MP: 14/20
 23491 | Spider:1 | Lost intelligence.
 24533 | Spider:2 | Received a gift from Okawaru
 25999 | Spider:3 | Noticed Arachne
 26020 | Spider:2 | Killed Arachne
 26273 | Spider:3 | Received a gift from Okawaru
 26535 | Spider:4 | Entered Level 4 of the Spider Nest
 26846 | Spider:3 | Reached skill level 18 in Unarmed Combat
 28068 | Spider:4 | Reached XP level 17. HP: 115/172 MP: 19/22
 28636 | Spider:4 | Received a gift from Okawaru
 29910 | Spider:4 | Got a gossamer rune of Zot
 30109 | Shoals:1 | Entered Level 1 of the Shoals
 30116 | Shoals:1 | Received a gift from Okawaru
 30721 | Shoals:1 | Found a bloodstained altar of Trog.
 30726 | Shoals:1 | Noticed a kraken
 30922 | Shoals:1 | Killed a kraken
 32422 | Shoals:2 | Received a gift from Okawaru
 32658 | Shoals:3 | Found a runed translucent door.
 32729 | Shoals:3 | Found Qaluz's Jewellery Emporium.
 33005 | Shoals:3 | Reached XP level 18. HP: 171/185 MP: 24/24
 33217 | Shoals:4 | Entered Level 4 of the Shoals
 33358 | Shoals:4 | Identified the ring "Neobanag" {rF++ MR++ Str-2 Stlth+}
 33764 | Shoals:4 | Identified Sif Muna's Disquisition on Assistive
                  | Contamination
 33794 | Shoals:4 | Reached skill level 19 in Unarmed Combat
 34158 | Shoals:4 | Got a barnacled rune of Zot
 34447 | Vaults:1 | Entered Level 1 of the Vaults
 34821 | Vaults:1 | Noticed Asterion
 34842 | Vaults:1 | Killed Asterion
 34842 | Vaults:1 | Received a gift from Okawaru
 34858 | Vaults:1 | Got a crude fustibalus {god gift}
 34859 | Vaults:1 | Identified the +5 fustibalus of Compound Interest {flame,
                  | Fragile rPois rN+++ Str+2} (Okawaru gifted it to you on
                  | level 1 of the Vaults)
 34937 | Vaults:1 | Reached skill level 10 in Evocations
 35044 | Vaults:1 | HP: 5/188 [ironheart preserver (illusionary)/+0 great mace
                  | (30)]
 35376 | Vaults:1 | Noticed Nikola
 35396 | Vaults:1 | Killed Nikola
 35417 | Vaults:1 | Received a gift from Okawaru
 35964 | Vaults:1 | Noticed Donald
 35977 | Vaults:1 | Killed Donald
 36091 | Vaults:1 | Found a runed translucent gate.
 36091 | Vaults:1 | Found a runed translucent gate.
 36091 | Vaults:1 | Found a runed translucent gate.
 36092 | Vaults:1 | Noticed Zecsuugg's ghost (veteran HOFi)
 36094 | Vaults:1 | Found an iron altar of Okawaru.
 36230 | Vaults:1 | Reached XP level 19. HP: 191/196 MP: 25/25
 36543 | Vaults:2 | Reached skill level 1 in Armour
 36567 | Vaults:2 | Received a gift from Okawaru
 36810 | Vaults:2 | Found Fodwiugo's Gadget Shoppe.
 37112 | Vaults:2 | Noticed Boris
 37133 | Vaults:2 | Killed Boris
 37226 | Vaults:2 | Received a gift from Okawaru
 37269 | Vaults:2 | Noticed Margery
 37294 | Vaults:2 | Killed Margery
 37392 | Vaults:2 | Noticed Frederick
 37413 | Vaults:2 | Killed Frederick
 37437 | Vaults:2 | Noticed Sojobo
 37441 | Vaults:2 | Noticed Bai Suzhen
 37655 | Vaults:2 | Killed Bai Suzhen
 37655 | Vaults:2 | Reached skill level 20 in Unarmed Combat
 37942 | Vaults:2 | Noticed Aizul
 37958 | Vaults:2 | Killed Aizul
 38033 | Vaults:2 | Found a shadowy altar of Dithmenos.
 38130 | Vaults:2 | Reached skill level 5 in Invocations
 38460 | Vaults:2 | Killed Sojobo
 38460 | Vaults:2 | Received a gift from Okawaru
 39028 | Vaults:3 | Found Roaph's Magic Scroll Emporium.
 39029 | Vaults:3 | Noticed Xtahua
 39058 | Vaults:3 | Killed Xtahua
 39058 | Vaults:3 | Reached XP level 20. HP: 204/208 MP: 18/26
 39205 | Vaults:3 | Reached skill level 5 in Armour
 39816 | Vaults:3 | Found a staircase to the Crypt.
 40130 | Vaults:3 | Received a gift from Okawaru
 40601 | Vaults:4 | Reached skill level 15 in Fighting
 40726 | Vaults:4 | Reached skill level 15 in Dodging
 41199 | Vaults:4 | Noticed Jory
 41218 | Vaults:4 | Killed Jory
 41237 | Vaults:4 | Found Ryesedgh's Weapon Shop.
 42056 | Depths:1 | Entered Level 1 of the Depths
 42180 | Depths:1 | Noticed Boris
 42249 | Depths:1 | Killed Boris
 42267 | Depths:1 | Received a gift from Okawaru
 42539 | Depths:1 | Reached skill level 10 in Shields
 42560 | Depths:1 | Found a gateway to a ziggurat.
 42603 | Depths:1 | Reached XP level 21. HP: 219/219 MP: 27/27
 43053 | Depths:1 | Found a gateway to Hell.
 43184 | Depths:2 | Noticed a golden dragon
 43215 | Depths:2 | Reached skill level 21 in Unarmed Combat
 43217 | Depths:2 | Killed a golden dragon
 43228 | Depths:2 | Received a gift from Okawaru
 44932 | Depths:3 | Found a one-way gate leading to the halls of Pandemonium.
 45481 | Depths:3 | Received a gift from Okawaru
 46002 | Depths:3 | Noticed a golden dragon
 46298 | Depths:3 | Killed a golden dragon
 46391 | Depths:3 | Reached XP level 22. HP: 217/231 MP: 28/28
 46501 | Depths:3 | Noticed a juggernaut
 46514 | Depths:3 | Killed a juggernaut
 47301 | Depths:3 | Received a gift from Okawaru
 48101 | Depths:4 | Found the ring of the Mage {Wiz MR++ Int+3}
 48696 | Depths:4 | Received a gift from Okawaru
 48728 | Depths:4 | Found a one-way gate to the infinite horrors of the Abyss.
 48979 | Depths:4 | Reached skill level 22 in Unarmed Combat
 49547 | Depths:5 | Entered Level 5 of the Depths
 50270 | Depths:5 | Identified the +2 robe of Feasting {rN+}
 50751 | Depths:5 | Reached XP level 23. HP: 241/241 MP: 29/29
 50825 | Depths:5 | Received a gift from Okawaru
 51011 | Depths:5 | Got a heavily runed hat {god gift}
 51012 | Depths:5 | Identified the +0 hat "Seps" {*Drain rF+++ Int+4 Stlth+}
                  | (Okawaru gifted it to you on level 5 of the Depths)
 51080 | Depths:5 | Found a gate to the Realm of Zot.
 52114 | Vaults:5 | Entered Level 5 of the Vaults
 52937 | Vaults:5 | Noticed Boris
 52975 | Vaults:5 | Received a gift from Okawaru
 53902 | Vaults:5 | Found Ehustel's Assorted Antiques.
 53902 | Vaults:5 | Identified the ring "Dinapt Bicopp" {rC+ AC+2}
 54371 | Vaults:5 | Reached XP level 24. HP: 254/254 MP: 29/29
 54476 | Vaults:5 | Received a gift from Okawaru
 54600 | Vaults:5 | Noticed an ancient lich
 54606 | Vaults:5 | Killed an ancient lich
 54612 | Vaults:5 | Reached skill level 23 in Unarmed Combat
 55042 | Vaults:5 | Got a silver rune of Zot
 55394 | Vaults:5 | Identified the ring "Kaab" {Dex+3 Slay+2 Stlth+} (You
                  | acquired it on level 5 of the Vaults)
 55640 | Vaults:5 | Identified the +8 chain mail of the Buccaneer {MR+ Int+3
                  | Stlth+}
 55656 | Vaults:5 | Killed Boris
 55742 | Vaults:5 | Bought a scroll of teleportation for 117 gold pieces
 55992 | Vaults:3 | Bought 3 scrolls of blinking for 270 gold pieces
 55992 | Vaults:3 | Bought a scroll of blinking for 90 gold pieces
 56276 | Zot:1    | Entered Level 1 of the Realm of Zot
 56713 | Zot:1    | Received a gift from Okawaru
 56718 | Zot:1    | Identified the +0 large shield of the Duke {rC+ MR+}
                  | (Okawaru gifted it to you on level 1 of the Realm of Zot)
 57719 | Zot:2    | Noticed a Killer Klown
 57729 | Zot:2    | Killed a Killer Klown
 58438 | Zot:3    | Noticed a Killer Klown
 58460 | Zot:3    | Killed a Killer Klown
 58547 | Zot:3    | Reached XP level 25. HP: 226/266 MP: 29/29
 59492 | Zot:4    | Received a gift from Okawaru
 60241 | Zot:4    | Reached skill level 15 in Shields
 60578 | Zot:5    | Entered Level 5 of the Realm of Zot
 60597 | Zot:5    | Received a gift from Okawaru
 61637 | Zot:5    | Reached skill level 10 in Armour
 61637 | Zot:5    | Reached skill level 24 in Unarmed Combat
 61732 | Zot:5    | Received a gift from Okawaru
 61744 | Zot:5    | Got a bloodstained hat {god gift}
 61745 | Zot:5    | Identified the +3 hat of the Vaults {rElec rPois Slay-6}
                  | (Okawaru gifted it to you on level 5 of the Realm of Zot)
 61955 | Zot:5    | Noticed an ancient lich
 61969 | Zot:5    | Noticed an ancient lich
 61979 | Zot:4    | Killed an ancient lich
 62068 | Zot:5    | Killed an ancient lich
 62129 | Zot:5    | Noticed an orb of fire
 62139 | Zot:5    | Gained mutation: You are dopey. (Int -2) [an orb of fire]
 62143 | Zot:5    | Killed an orb of fire
 62143 | Zot:5    | Reached XP level 26. HP: 241/279 MP: 24/30
 62153 | Zot:5    | Noticed an ancient lich
 62179 | Zot:5    | Killed an ancient lich
 62205 | Zot:5    | Noticed an orb of fire
 62210 | Zot:5    | Gained mutation: You are frail. (-10% HP) [an orb of fire]
 62221 | Zot:5    | Noticed an orb of fire
 62223 | Zot:5    | Killed an orb of fire
 62238 | Zot:5    | Killed an orb of fire
 62243 | Zot:5    | Noticed an orb of fire
 62263 | Zot:5    | Killed an orb of fire
 62314 | Zot:5    | Noticed an orb of fire
 62327 | Zot:5    | Gained mutation: Scrolls take you a little longer to read.
                  | [an orb of fire]
 62333 | Zot:5    | Killed an orb of fire
 62365 | Zot:5    | Noticed an ancient lich
 62373 | Zot:5    | Killed an ancient lich
 62373 | Zot:5    | Received a gift from Okawaru
 62465 | Zot:5    | Noticed an orb of fire
 62472 | Zot:5    | Gained mutation: Your magical capacity is low. (-10% MP)
                  | [an orb of fire]
 62479 | Zot:5    | Killed an orb of fire
 63070 | Zot:5    | Received a gift from Okawaru
 63139 | Zot:5    | Lost intelligence.
 63578 | Depths:4 | Lost intelligence.
 63725 | Zot:3    | Lost mutation: Scrolls take you a little longer to read.
                  | [potion of mutation]
 63725 | Zot:3    | Lost mutation: Your magical capacity is low. (-10% MP)
                  | [potion of mutation]
 63725 | Zot:3    | Lost mutation: You are dopey. (Int -2) [potion of mutation]
 63725 | Zot:3    | Gained mutation: You have an increased reservoir of magic.
                  | (+10% MP) [potion of mutation]
 63725 | Zot:3    | Gained mutation: You tend to lose your temper in combat.
                  | [potion of mutation]
 63725 | Zot:3    | Gained mutation: You evolve. [potion of mutation]
 65066 | Zot:5    | Gained mutation: You are weak. (Str -2) [evolution]
 68010 | Zot:5    | Lost mutation: You evolve. [potion of mutation]
 68010 | Zot:5    | Lost mutation: You are frail. (-10% HP) [potion of
                  | mutation]
 68010 | Zot:5    | Lost mutation: You are weak. (Str -2) [potion of mutation]
 68010 | Zot:5    | Lost mutation: You tend to lose your temper in combat.
                  | [potion of mutation]
 68010 | Zot:5    | Lost mutation: You have an increased reservoir of magic.
                  | (+10% MP) [potion of mutation]
 68010 | Zot:5    | Gained mutation: Your magical capacity is low. (-10% MP)
                  | [potion of mutation]
 68010 | Zot:5    | Gained mutation: Your body sometimes deteriorates upon
                  | taking damage. [potion of mutation]
 68010 | Zot:5    | Gained mutation: You are partially covered in icy blue
                  | scales. (AC +2) [potion of mutation]
 68011 | Zot:5    | Lost mutation: Your magical capacity is low. (-10% MP)
                  | [potion of mutation]
 68011 | Zot:5    | Lost mutation: Your body sometimes deteriorates upon taking
                  | damage. [potion of mutation]
 68011 | Zot:5    | Gained mutation: You are weak. (Str -2) [potion of
                  | mutation]
 68011 | Zot:5    | Gained mutation: Scrolls take you a little longer to read.
                  | [potion of mutation]
 68011 | Zot:5    | Gained mutation: Your movements are slightly less
                  | encumbered by armour. (ER -2) [potion of mutation]
 68011 | Zot:5    | Gained mutation: You are resistant to hostile enchantments.
                  | (MR+) [potion of mutation]
 68012 | Zot:5    | Lost mutation: Scrolls take you a little longer to read.
                  | [potion of mutation]
 68012 | Zot:5    | Lost mutation: You are resistant to hostile enchantments.
                  | (MR+) [potion of mutation]
 68012 | Zot:5    | Lost mutation: You are weak. (Str -2) [potion of mutation]
 68012 | Zot:5    | Gained mutation: You evolve. [potion of mutation]
 68013 | Zot:5    | Lost mutation: You are partially covered in icy blue
                  | scales. (AC +2) [potion of mutation]
 68013 | Zot:5    | Gained mutation: You are agile. (Dex +2) [potion of
                  | mutation]
 68013 | Zot:5    | Gained mutation: You have a beak for a mouth. [potion of
                  | mutation]
 68014 | Zot:5    | Lost mutation: You have a beak for a mouth. [potion of
                  | mutation]
 68014 | Zot:5    | Lost mutation: You evolve. [potion of mutation]
 68014 | Zot:5    | Lost mutation: You are agile. (Dex +2) [potion of mutation]
 68014 | Zot:5    | Gained mutation: You are agile. (Dex +2) [potion of
                  | mutation]
 68014 | Zot:5    | Gained mutation: You are frail. (-10% HP) [potion of
                  | mutation]
 68014 | Zot:5    | Gained mutation: You are somewhat resistant to further
                  | mutation. [potion of mutation]
 68015 | Zot:5    | Lost mutation: You are frail. (-10% HP) [potion of
                  | mutation]
 68015 | Zot:5    | Lost mutation: You are somewhat resistant to further
                  | mutation. [potion of mutation]
 68015 | Zot:5    | Lost mutation: You are agile. (Dex +2) [potion of mutation]
 68015 | Zot:5    | Gained mutation: You have large cloven feet. [potion of
                  | mutation]
 68015 | Zot:5    | Gained mutation: Your body sometimes deteriorates upon
                  | taking damage. [potion of mutation]
 68015 | Zot:5    | Gained mutation: Your flesh is heat resistant. (rF+)
                  | [potion of mutation]
 68015 | Zot:5    | Gained mutation: You are somewhat resistant to further
                  | mutation. [potion of mutation]
 68016 | Zot:5    | Lost mutation: Your flesh is heat resistant. (rF+) [potion
                  | of mutation]
 68016 | Zot:5    | Lost mutation: Your movements are slightly less encumbered
                  | by armour. (ER -2) [potion of mutation]
 68017 | Zot:5    | Lost mutation: Your body sometimes deteriorates upon taking
                  | damage. [potion of mutation]
 68017 | Zot:5    | Lost mutation: You have large cloven feet. [potion of
                  | mutation]
 68017 | Zot:5    | Gained mutation: You have sharp toenails. [potion of
                  | mutation]
 68022 | Zot:5    | Got the Orb of Zot
 68047 | Zot:5    | Lost intelligence.
 68057 | Zot:5    | Noticed a seraph
 68064 | Zot:5    | Killed a seraph
 68343 | Depths:1 | Noticed Tuuseta the pandemonium lord
 68373 | D:15     | Killed Tuuseta the pandemonium lord
 68432 | D:14     | Reached XP level 27. HP: 191/291 MP: 14/31
 68432 | D:14     | Noticed Vafax the pandemonium lord
 68456 | D:13     | Killed Vafax the pandemonium lord
 68729 | D:1      | Noticed Siuca the pandemonium lord
 68752 | D:1      | Killed Siuca the pandemonium lord
 68752 | D:1      | Received a gift from Okawaru
 68881 | D:$      | Escaped with the Orb!

Skill      XL: |  1  2  3  4  5  6  7  8  9 10 11 12 13 14 15 16 17 18 19 20 21 22 23 24 25 26 27 |
---------------+----------------------------------------------------------------------------------+-----
Unarmed Combat | 3 4 5 6 7 9 10 12 13 14 16 17 18 19 20 21 22 23 24 | 24.0
Shields        | 3 4 5 6 7 8 9 10 11 12 13 14 15 | 15.0
Fighting       | 3 4 5 6 7 8 9 10 11 12 13 14 15 16 17 18 19 20 | 20.2
Dodging        | 3 4 5 6 7 8 9 10 11 12 13 14 15 16 17 | 17.3
Evocations     | 2 4 5 7 8 9 10 11 13 | 13.2
Invocations    | 3 4 5 6 7 |  7.0
Armour         | 4 5 8 10 12 13 | 13.0

Action                   |  1- 3 |  4- 6 |  7- 9 | 10-12 | 13-15 | 16-18 | 19-21 | 22-24 | 25-27 || total
-------------------------+-------+-------+-------+-------+-------+-------+-------+-------+-------++-------
Melee: Unarmed           |   145 |   161 |   280 |   767 |  1320 |  1504 |  1497 |  1509 |   823 ||  8006
       Kick              |       |       |       |       |       |       |       |       |    48 ||    48
Throw: Javelin           |     3 |     1 |       |     4 |       |     8 |       |       |       ||    16
       Stone             |     1 |       |       |       |       |       |       |       |       ||     1
       Large rock        |       |     4 |     3 |    26 |    36 |    59 |    35 |    42 |    22 ||   227
Invok: Heroism           |       |       |     1 |    10 |    18 |    18 |    22 |    25 |    12 ||   106
       Finesse           |       |       |       |       |       |     5 |     6 |     8 |     7 ||    26
 Abil: Evoke Invisibilit |       |       |       |       |     1 |     6 |     8 |    10 |     7 ||    32
Evoke: Wand              |       |       |       |     1 |    11 |    11 |       |       |       ||    23
       Phial of floods   |       |       |       |       |     1 |     3 |       |       |       ||     4
  Use: Scroll            |     3 |     5 |    13 |     6 |    13 |     7 |     2 |     9 |    12 ||    70
       Potion            |       |       |       |     1 |     3 |     4 |     1 |     2 |    15 ||    26
 Stab: Distracted        |     1 |       |     1 |       |     1 |     2 |       |     1 |       ||     6
       Sleeping          |       |       |     1 |       |       |       |     4 |     1 |       ||     6
       Invisible         |       |       |       |       |       |    11 |    25 |    31 |    32 ||    99
       Held in net/web   |       |       |       |       |       |     1 |       |       |       ||     1
  Eat: Chunk             |    15 |    14 |    36 |    52 |   100 |   103 |    95 |   112 |    39 ||   566
       Ration            |       |       |       |       |     1 |     8 |       |       |    21 ||    30
Armor: Robe              |    56 |    46 |    54 |    78 |       |       |       |       |       ||   234
       Troll leather arm |       |       |       |   118 |   197 |       |       |       |       ||   315
       Animal skin       |       |       |       |       |    79 |   269 |   100 |    72 |       ||   520
       Storm dragon scal |       |       |       |       |       |       |    30 |       |       ||    30
       Gold dragon scale |       |       |       |       |       |       |       |    78 |   146 ||   224
Dodge: Dodged            |    54 |    48 |    94 |   253 |   543 |   655 |   396 |   370 |   178 ||  2591
       Deflected         |       |       |       |       |       |    17 |       |       |       ||    17
Block: Shield            |    56 |    72 |   119 |   407 |   782 |   993 |   302 |       |       ||  2731
       Reflection        |       |       |       |       |       |    97 |    68 |    80 |    15 ||   260
       Large shield      |       |       |       |       |       |       |   623 |   974 |   588 ||  2185
